 Dungeon Crawl Stone Soup version 0.20-a0-1075-gc475d56 (webtiles) character file.

26 Fuzzwah the Chopper (level 2, -23/27 HPs)
             Began as a Minotaur Berserker on Apr 30, 2017.
             Was a Follower of Trog.
             Engulfed by a cloud of flame (24 damage)
             ... on level 2 of the Dungeon.
             The game lasted 00:02:28 (444 turns).

Fuzzwah the Chopper (Minotaur Berserker)             Turns: 444, Time: 00:02:29

Health: -23/27     AC:  2    Str: 21    XL:     2   Next: 89%
Magic:  1/1        EV: 12    Int:  4    God:    Trog [*.....]
Gold:   39         SH:  0    Dex:  9    Spells: 1/1 levels left

rFire    . . .     SeeInvis .   a - +0 hand axe
rCold    . . .     Gourm    .   (no shield)
rNeg     . . .     Faith    .   b - +0 animal skin
rPois    .         Spirit   .   (helmet restricted)
rElec    .         Reflect  .   (no cloak)
rCorr    .         Harm     .   (no gloves)
MR       .....                  (no boots)
Stlth    +.........             (no amulet)
Regen    0.1/turn               (no ring)
MPRegen  0.1/turn               (no ring)

@: no status effects
A: retaliatory headbutt, horns 2
a: Berserk, Burn Spellbooks, Renounce Religion


You were on level 2 of the Dungeon.
You worshipped Trog.
Trog was aware of your devotion.
You were not hungry.

You visited 1 branch of the dungeon, and saw 2 of its levels.

You collected 39 gold pieces.

Inventory:

Hand Weapons
 a - a +0 hand axe (weapon)
Armour
 b - a +0 animal skin (worn)
Scrolls
 d - a scroll of enchant weapon
Potions
 h - a potion of invisibility {unknown}
Comestibles
 c - 2 bread rations {@e1}


   Skills:
 + Level 3.7 Fighting
 * Level 4.1 Axes
 * Level 3.3 Armour
 + Level 2.5 Dodging


You had one spell level left.
You didn't know any spells.

Dungeon Overview and Level Annotations

Branches:
Dungeon (2/15)

Altars:
Gozag


Innate Abilities, Weirdness & Mutations

You reflexively headbutt those who attack you in melee.
You have a pair of horns on your head.


Message History

The hobgoblin shouts!
A hobgoblin is nearby!
The hobgoblin hits you with a club.
You take 4 damage, and have 23/27 hp.
You hit the hobgoblin but do no damage. The hobgoblin hits you with a club.
You take 2 damage, and have 21/27 hp.
You hit the hobgoblin but do no damage. The hobgoblin hits you with a club.
You take 1 damage, and have 20/27 hp.
You hit the hobgoblin. The hobgoblin misses you.
You hit the hobgoblin. The hobgoblin hits you with a club.
You closely miss the hobgoblin. The hobgoblin closely misses you.
You furiously retaliate!
You headbutt the hobgoblin.
You kill the hobgoblin!
Trog accepts your kill.
No target in view!
Things that are here:
a club; a hobgoblin corpse
c - 2 bread rations {@e1} (gained 1)
h - a blue potion You now have 34 gold pieces (gained 9).
Found a stone staircase leading down.
You regained 2 hp, and now have 22/27 hp.
There is a stone staircase leading down here.
There is a stone staircase leading down here.
The bat is too close now for your liking.
You regained 4 hp, and now have 26/27 hp.
You closely miss the bat. The bat closely misses you. You furiously retaliate!
You headbutt the bat!
You kill the bat!
Trog accepts your kill.
No target in view!
No target in view!
You see here a bat corpse.
You see here 4 arrows.
i - a scroll labeled TILUHIASOB Health restored: 27 Done exploring.
There is a stone staircase leading down here.
You climb downwards.
A rat comes into view.
Found an escape hatch in the ceiling.
Found a stone staircase leading up.
There is a stone staircase leading up here.
As you read the scroll labeled IFUIRITE HAULO, it crumbles to dust.
You assume a fearsome visage.
The rat looks frightened!
It was a scroll of fear.
As you read the scroll labeled MUMONANELI, it crumbles to dust.
The creatures around you are filled with an inner flame!
It was a scroll of immolation.
As you read the scroll labeled QEADDORRIUSI, it crumbles to dust.
You feel strangely unstable.
It was a scroll of teleportation.
As you read the scroll labeled TILUHIASOB, it crumbles to dust.
It is a scroll of identify.
d - a scroll of enchant weapon Your surroundings suddenly seem different.
A jackal comes into view.
The jackal barks!
A jackal comes into view.
The jackal barks!
Found 16 gold pieces and a robe.
Found an opulent altar of Gozag.
A jackal comes into view.
The jackal barely misses you. You furiously retaliate!
You headbutt the jackal!
You kill the jackal!
Trog accepts your kill. The jackal bites you.
You take 1 damage, and have 26/27 hp.
You hit the jackal. Your headbutt misses the jackal.
The jackal completely misses you.
Health restored: 27 You closely miss the jackal.
You headbutt the jackal.
You kill the jackal!
Trog accepts your kill.
You hit the jackal. The jackal bites you. The jackal barely misses you.
You take 3 damage, and have 24/27 hp.
You barely miss the jackal.
The jackal bites you but does no damage.
You slash the jackal!
You kill the jackal!
Trog accepts your kill.
No target in view!
Things that are here:
a jackal corpse x2
You now have 39 gold pieces (gained 5).
Found a stone staircase leading down.
e - a scroll labeled AKUIDARILA
As you read the scroll labeled AKUIDARILA, it crumbles to dust.
You feel blessed for a moment.
It was a scroll of remove curse.
A rat is nearby!
A rat comes into view.
You barely miss the rat. Your headbutt misses the rat.
The rat closely misses you.
You slash the rat!
The rat explodes!
The fiery explosion engulfs you!
Ouch! That really hurt!
* * * LOW HITPOINT WARNING * * *
Trog accepts your kill.
You are engulfed in blazing flames.
Ouch! That really hurt!
You die...

..........#.# #####.....
............ #.........
.........# ##.........
.......#.#####..........
#.......................
.....##..†.##.......>r..
.....#..................
#......###.#............
##.....##.....#§@§......
....<..<#.......§§......
................§§......
...##.§........##.#.####
< #.....#...... .....
....#...####..#.......
....#..#... .?. .......
.#.# ..#..###. ......#
#. ##.....


You could see a rat.

Vanquished Creatures
  An ooze (D:1)
  A dart slug (D:1)
  4 bats (D:1)
  3 hobgoblins (D:1)
  3 jackals (D:2)
  A kobold (D:1)
  2 goblins (D:1)
  4 rats
19 creatures vanquished.

Notes
Turn   | Place    | Note
-------+----------+-------------------------------------------
     0 | D:1      | Fuzzwah the Minotaur Berserker began the quest for the Orb.
     0 | D:1      | Reached XP level 1. HP: 19/19 MP: 0/0
    76 | D:1      | Reached skill level 4 in Axes
    88 | D:1      | Reached XP level 2. HP: 27/27 MP: 1/1
   112 | D:1      | Reached skill level 3 in Armour
   424 | D:2      | Found an opulent altar of Gozag.
   444 | D:2      | HP: 1/27 [rat/exploding inner flame[the player character] (24)]
   444 | D:2      | Engulfed by a cloud of flame

Vault maps used:
D:1:      scummos_arrival_checkerplants
D:2:      nicolae_gozag_seed_capital

Skill      XL: |  1  2 |
---------------+-------+-----
Axes           | 4 |  4.1
Armour         | 3 |  3.3
Fighting       | |  3.7
Dodging        | |  2.5

Action                   || total
-------------------------++-------
Melee: Hand axe          ||    31
       Headbutt          ||     6
  Use: Scroll            ||     5
Armor: Animal skin       ||     6
Dodge: Dodged            ||    24

Vault maps used:
D:1:      scummos_arrival_checkerplants
D:2:      nicolae_gozag_seed_capital

Table legend:
 A = Turns spent in this place as a percentage of turns spent in the entire game.
 B = Non-inter-level travel turns spent in this place as a percentage of non-inter-level travel turns spent in the entire game.
 C = Inter-level travel turns spent in this place as a percentage of turns spent in this place.
 D = Turns resting spent in this place as a percentage of non-inter-level travel turns spent in this place.
 E = Turns spent auto-exploring this place as a percentage of non-inter-level travel turns spent in this place.
 F = Non-inter-level travel turns spent in this place divided by the number of levels of this place that you've seen.
                   A       B       C       D       E      F
               +-------+-------+-------+-------+-------+----------------------
         Total | 100.0 | 100.0 |   0.8 |   1.7 |  20.7 |  60.5
       Dungeon | 100.0 | 100.0 |   0.8 |   1.7 |  20.7 |  60.5
               +-------+-------+-------+-------+-------+----------------------

Table legend:
 A = Kills in this place as a percentage of kills in entire the game.
 B = Kills by you in this place as a percentage of kills by you in the entire game.
 C = Kills by friends in this place as a percentage of kills by friends in the entire game.
 D = Other kills in this place as a percentage of other kills in the entire game.
 E = Experience gained in this place as a percentage of experience gained in the entire game.
 F = Experience gained in this place divided by the number of levels of this place that you have seen.
                   A       B       C       D       E      F
               +-------+-------+-------+-------+-------+----------------------
         Total | 100.0 | 100.0 |  -nan |  -nan | 100.0 |  19.0
       Dungeon | 100.0 | 100.0 |  -nan |  -nan | 100.0 |  19.0
               +-------+-------+-------+-------+-------+----------------------
